 Dungeon Crawl Stone Soup version 0.31-a0-216-g22e908daa7 (webtiles) character file.

Game seed: 1744471210332407556

65 qw the Shooter (level 4, 0/26 HPs)
             Began as a Gargoyle Hexslinger on July 2, 2023.
             Slain by Terence
             ... wielding a +0 flail
              (6 damage)
             ... on level 2 of the Dungeon.
             The game lasted 00:00:41 (1341 turns).

qw the Shooter (Gargoyle Hexslinger)                Turns: 1341, Time: 00:00:41

Health: 0/26       AC:  5    Str: 11    XL:     4   Next: 13%
Magic:  5/5        EV: 12    Int: 14    God:
Gold:   168        SH:  0    Dex: 14    Spells: 4/5 levels left

rFire   . . .        Y - +1 sling
rCold   . . .        (no shield)
rNeg    + . .        c - +0 robe
rPois   inf          (no helmet)
rElec   +            (no cloak)
rCorr   .            (no gloves)
SInv    .            (no boots)
Will    .....        (no amulet)
Stlth   +            (no ring)
HPRegen 0.24/turn    (no ring)
MPRegen 0.09/turn

%: no passive effects
@: no status effects
A: sickness immunity, AC +3, negative energy resistance 1, electricity
resistance, torment resistance 1, petrification resistance
a: no special abilities


You were on level 2 of the Dungeon.
You visited 1 branch of the dungeon, and saw 2 of its levels.

You collected 168 gold pieces.


Innate Abilities, Weirdness & Mutations

You are immune to sickness and miasma.
Your stone body is resilient. (AC +3)
You are immune to poison.
You resist negative energy. (rN+)
You are resistant to electric shocks. (rElec)
You are resistant to unholy torment.
You are immune to petrification.


   Skills:
 - Level 2.0 Fighting
 + Level 4.0 Ranged Weapons
 - Level 1.5 Dodging
 - Level 1.0 Spellcasting
 - Level 2.6 Hexes


You had 4 spell levels left.
You knew the following spells:

 Your Spells              Type           Power      Damage    Failure   Level
a - Slow                  Hex            32%        N/A       9%          1

Your spell library contained the following spells:

 Spells                   Type           Power      Damage    Failure   Level
 Inner Flame              Hex/Fire       4%         N/A       41%         3
 Portal Projectile        Hex/Tloc       8%         N/A       41%         3
 Cause Fear               Hex            4%         N/A       65%         4

Inventory:

Hand Weapons
 Y - a +1 sling (weapon)
Armour
 c - a +0 robe (worn)
 f - a +0 pair of gloves
 l - a +2 pair of gloves
Jewellery
 e - an amulet of guardian spirit
 i - an amulet of faith
Scrolls
 a - 2 scrolls of identify
 b - 2 scrolls of blinking {unknown}
 d - a scroll of enchant armour {unknown}
Potions
 g - a potion of haste {unknown}
 h - 2 potions of curing
 j - a potion of degeneration {unknown}
 k - 3 potions of heal wounds {unknown}
 m - a potion of resistance {unknown}
 n - a potion of enlightenment {unknown}

Dungeon Overview and Level Annotations

Branches:
Dungeon (2/15)

Altars:

Annotations:
D:1 1 transporter
D:2 Terence


Message History

Enter note:
Enter note:
Enter note: You shoot a sling bullet.
The sling bullet hits the rat.
You kill the rat!
You now have 168 gold pieces (gained 10).
j - a golden potion
Enter note:
Enter note:
Enter note:
Enter note: Terence the Incautious comes into view.
He is wielding a +0 flail.
Enter note:
Enter note:
Enter note:
Enter note: You shoot a sling bullet.
The sling bullet closely misses Terence.
You shoot a sling bullet.
The sling bullet hits Terence but does no damage.
Terence hits you with a +0 flail. Terence barely misses you.
You shoot a sling bullet. The sling bullet barely misses Terence.
Terence completely misses you.
You shoot a sling bullet.
The sling bullet hits Terence but does no damage.
Terence hits you with a +0 flail!
You shoot a sling bullet. The sling bullet hits Terence!
Terence is moderately wounded.
Terence barely misses you.
You shoot a sling bullet. The sling bullet hits Terence.
Terence is heavily wounded.
Terence closely misses you.
You shoot a sling bullet.
The sling bullet hits Terence but does no damage.
Terence is heavily wounded.
Terence misses you. Terence hits you with a +0 flail.
You shoot a sling bullet.
The sling bullet closely misses Terence.
Terence hits you with a +0 flail.
You die...

#..............#.#
#.............##.#
#.............##.#
#...###.#.....##.#
### #.#....%%..#
#.########## #.#
#.# #@# #.@....#
####...# ##### ..#
#.... ## #....
#.... #.... #....
#....


You could see Terence.

Vanquished Creatures
  An adder (D:2)
  2 dart slugs (D:2)
  4 ball pythons
  3 bats
  4 endoplasms
  6 giant cockroaches
  6 goblins
  A hobgoblin (D:1)
  4 jackals (D:2)
  6 quokkas
  A frilled lizard (D:1)
  5 kobolds (D:1)
  3 rats
46 creatures vanquished.

Notes
Turn   | Place    | Note
-------+----------+-------------------------------------------
     0 | D:1      | qw the Gargoyle Hexslinger began the quest for the Orb.
     0 | D:1      | Reached XP level 1. HP: 12/12 MP: 2/2
     0 | D:1      | 0 ||| qw: Version: 0.3-a-39-g4513739
     0 | D:1      | 0 ||| qw: Game counter: 7902
     0 | D:1      | 0 ||| qw: Melee chars always use a shield: true
     0 | D:1      | 0 ||| qw: God list: Okawaru
     0 | D:1      | 0 ||| qw: Allow faded altars: false
     0 | D:1      | 0 ||| qw: Do Orc after clearing Dungeon:15 true
     0 | D:1      | 0 ||| qw: Do second Lair branch before Depths: true
     0 | D:1      | 0 ||| qw: Lair rune preference: random
     0 | D:1      | 0 ||| qw: Goals: Normal
     0 | D:1      | 0 ||| PLANNING D:1-11
    72 | D:1      | HP: 3/12 [quokka (2)]
    78 | D:1      | HP: 3/12 [quokka (1)]
   139 | D:1      | Reached XP level 2. HP: 16/16 MP: 3/3
   272 | D:1      | Reached skill level 3 in Ranged Weapons
   322 | D:1      | Found a faded altar of an unknown god.
   421 | D:1      | 421 ||| Stepping ~*~*~tactically~*~*~ (outnumbered).
   438 | D:1      | 438 ||| FLEEEEING.
   439 | D:1      | 439 ||| FLEEEEING.
   440 | D:1      | 440 ||| FLEEEEING.
   445 | D:1      | 445 ||| FLEEEEING.
   446 | D:1      | 446 ||| FLEEEEING.
   448 | D:1      | 448 ||| FLEEEEING.
   453 | D:1      | 453 ||| FLEEEEING.
   454 | D:1      | 454 ||| FLEEEEING.
   455 | D:1      | 455 ||| FLEEEEING.
   456 | D:1      | 456 ||| FLEEEEING.
   457 | D:1      | 457 ||| FLEEEEING.
   458 | D:1      | 458 ||| FLEEEEING.
   459 | D:1      | 459 ||| FLEEEEING.
   460 | D:1      | 460 ||| FLEEEEING.
   461 | D:1      | 461 ||| FLEEEEING.
   462 | D:1      | 462 ||| FLEEEEING.
   463 | D:1      | 463 ||| FLEEEEING.
   464 | D:1      | 464 ||| FLEEEEING.
   465 | D:1      | 465 ||| FLEEEEING.
   466 | D:1      | 466 ||| FLEEEEING.
   467 | D:1      | 467 ||| FLEEEEING.
   497 | D:1      | Reached XP level 3. HP: 21/21 MP: 4/4
   913 | D:1      | 913 ||| READING 2 scrolls labelled OTOJACRALI.
   914 | D:1      | 914 ||| READING scroll labelled QIVEUWK QULLAS.
   915 | D:1      | 915 ||| READING scroll labelled UCAL FADGHAU.
   916 | D:1      | 916 ||| DRINKING 3 clear potions.
   917 | D:1      | 917 ||| DROPPING scroll of poison.
  1302 | D:2      | Reached XP level 4. HP: 24/26 MP: 5/5
  1311 | D:2      | Reached skill level 4 in Ranged Weapons
  1333 | D:2      | Noticed Terence
  1340 | D:2      | HP: 6/26 [Terence/+0 flail (6)]
  1341 | D:2      | Slain by Terence

Levels and vault maps discovered:
D:1:      spicycebolla_arrival_risky_transporter, layout_loops_cross,
          chequers_ecumenical_altar_grove, minmay_ruptured
D:2:      layout_basic, minmay_pentomino_o4, uniq_terence

Skill      XL: |  1  2  3  4 |
---------------+-------------+-----
Ranged Weapons | 3 4 |  4.0
Fighting       | 2 |  2.0
Dodging        | |  1.5
Spellcasting   | |  1.0
Hexes          | |  2.6

Action                     |  1- 3 |  4- 6 || total
---------------------------+-------+-------++-------
   Fire: Sling             |   151 |    18 ||   169
    Use: Scroll            |     3 |       ||     3
         Potion            |     1 |       ||     1
 Armour: Robe              |    42 |     1 ||    43
  Dodge: Dodged            |    73 |     9 ||    82

Table legend:
 A = Non-vault XP
 B = Vault XP
 C = Vault XP percentage of total XP
 D = Non-vault monster count
 E = Vault monster count
 F = Vault count percentage of total count
                 A         B        C        D         E       F
            +---------+---------+-------+---------+---------+-------
      Total |      83 |      10 |  10.8 |      41 |       5 |  10.9
            +---------+---------+-------+---------+---------+-------
        D:1 |      42 |       4 |   8.7 |      25 |       3 |  10.7
        D:2 |      41 |       6 |  12.8 |      16 |       2 |  11.1
            +---------+---------+-------+---------+---------+-------
